 Dungeon Crawl Stone Soup version 0.30.1-4-g462c640d31 (webtiles) character file.

Game seed: 18946808146678113

1254 Kurtz the Cleaver (level 8, -1/38 (46) HPs)
             Began as a Tengu Fighter on Sept 17, 2023.
             Was an Initiate of Okawaru.
             Slain by a wight
             ... wielding a +0 halberd
              (13 damage)
             ... on level 6 of the Dungeon.
             The game lasted 00:07:04 (4720 turns).

Kurtz the Cleaver (Tengu Fighter)                   Turns: 4720, Time: 00:07:04

HP:   -1/38 (46)    AC:  9    Str: 16    XL:     8   Next: 51%
MP:   9/9           EV:  8    Int: 10    God:    Okawaru [......]
Gold: 329           SH:  5    Dex: 15    Spells: 7/7 levels left

rFire   + . .        H - +3 hand axe
rCold   . . .        c - +0 buckler
rNeg    . . .        r - +0 chain mail
rPois   .            (helmet restricted)
rElec   .            (no cloak)
rCorr   .            (no gloves)
SInv    +            (boots unavailable)
Will    .....        (no amulet) Stlth
                     z - ring of see invisible
HPRegen 0.26/turn    i - ring of protection from fire
MPRegen 0.11/turn

%: no passive effects
@: flying quickly and evasively, heavily drained, quick
A: beak, talons 3, nimble flight
a: Renounce Religion


You were on level 6 of the Dungeon.
You worshipped Okawaru.
Okawaru was noncommittal.
You visited 2 branches of the dungeon, and saw 7 of its levels.

You collected 329 gold pieces.

Inventory:

Hand Weapons
 a - a +0 war axe
 H - a +3 hand axe (weapon)
Missiles
 m - 3 silver javelins (quivered)
Armour
 c - a +0 buckler (worn)
 r - a +0 chain mail (worn)
Jewellery
 i - a ring of protection from fire (right hand)
 x - a ring of fire
 z - a ring of see invisible (left hand)
 B - a ring of magical power
Wands
 u - a wand of acid (5)
 E - a wand of flame (10)
Scrolls
 b - a scroll of poison {unknown}
 e - 2 scrolls of immolation {unknown}
 g - 2 scrolls of amnesia {unknown}
 j - 5 scrolls of identify {unknown}
 k - a scroll of silence {unknown}
 n - a scroll of acquirement {unknown}
 p - a scroll of brand weapon {unknown}
 q - 2 scrolls of vulnerability {unknown}
 t - 2 scrolls of teleportation {unknown}
 y - 2 scrolls of blinking
 D - 2 scrolls of fear {unknown}
 F - a scroll of fog {unknown}
Potions
 d - 2 potions of might
 f - a potion of degeneration {unknown}
 h - 3 potions of lignification {unknown}
 l - 2 potions of invisibility {unknown}
 o - a potion of heal wounds {unknown}
 s - a potion of attraction {unknown}
 v - a potion of haste {unknown}
 w - a potion of cancellation {unknown}
 A - a potion of resistance {unknown}
 C - 2 potions of curing {unknown}
Miscellaneous
 G - a lightning rod (4/4)


   Skills:
 - Level 3.0 Fighting
 * Level 11.1 Axes
 - Level 3.2 Armour
 - Level 3.0 Shields


You had 7 spell levels left.
You didn't know any spells.
Your spell library contained the following spells:

 Spells                   Type           Power      Damage    Failure   Level
 Stone Arrow              Conj/Erth      0%         3d7       100%        3
 Lehudib's Crystal Spear  Conj/Erth      0%         10d2      100%        8
 Animate Armour           Summ/Erth      Unusable   N/A       N/A         4

Dungeon Overview and Level Annotations

Branches:
Dungeon (6/15)             Temple (1/1) D:5

Altars:
Cheibriados
Dithmenos
Elyvilon
Fedhas
Gozag
Hepliaklqana
Kikubaaqudgha
Makhleb
Okawaru
Qazlal
Ru
Sif Muna
Uskayaw
Vehumet
Wu Jian
Xom
Yredelemnul
Zin
The Shining One

Annotations:
D:4 1 runed translucent door, 2 transporters, Crazy Yiuf; LordJstr's ghost, amateur HuFi


Innate Abilities, Weirdness & Mutations

You have a beak for a mouth.
You have claws for feet.
Your magical nature lets you fly swiftly and evasively.


Message History

H - a +3 hand axe
H - a +3 hand axe (weapon)
There is a stone staircase leading down, spattered with blood here.
You fly downwards.
The orc hits you with a +0 hand axe. x2
There is a stone staircase leading up, spattered with blood here.
You hit the orc. You claw the orc.
You kill the orc!
Okawaru accepts your kill.
You hit the wight but do no damage. Your kick misses the wight.
Your peck misses the wight. The wight hits you with a +3 hand axe.
You feel drained.
You hit the wight but do no damage. Your kick misses the wight.
Your peck misses the wight. The wight hits you but does no damage.
You block the wight's attack.
You hit the wight. Your kick misses the wight.
The wight is moderately damaged.
The wight hits you from afar with a +0 halberd.
The wight hits you but does no damage.
You hit the wight. Your kick misses the wight. You peck the wight.
The wight is almost destroyed.
The wight hits you from afar with a +0 halberd!
You feel drained.
You hit the wight but do no damage. Your kick misses the wight.
Your peck misses the wight.
The wight is almost destroyed.
The wight hits you with a +3 hand axe.
You feel drained. The wight barely misses you.
You barely miss the wight.
The wight is almost destroyed.
The wight hits you with a +3 hand axe!
You feel drained.
* * * LOW HITPOINT WARNING * * *
The wight closely misses you.
You barely miss the wight. You claw the wight.
The wight is almost destroyed.
The wight hits you but does no damage.
You are too injured to fight recklessly!
You are too injured to fight recklessly!
Unknown command.
The wight hits you from afar with a +0 halberd!
You die... oz.............

.................
######..###############†#####...#
#######........#..............# #
............zz.....>.####.#####
..#####..o####.#z....# .#
#...####.####z## #
#........#gz..#
#....##..#z#..#####.#
#....#...#@#........#
##.#.#..####...######
###.#.#.........#<..#
#.....##.#####..###.# #.#......#
#......# #.######## #.###### #.#
#.# #.# ########.#
###.#####........#


You could see 2 wights and a goblin.

Vanquished Creatures
  Sigmund (D:3)
  An ice beast (D:5)
  A black bear (D:5)
  2 ogres (D:5)
  2 centaurs (D:5)
  A scorpion (D:4)
  3 wights
  2 orc priests
  2 hounds (D:5)
  An iguana (D:4)
  2 orc wizards (D:3)
  Terence (D:3)
  3 adders
  A white imp (D:5)
  4 worms
  2 dart slugs (D:1)
  17 orcs
  7 ball pythons
  6 bats
  8 endoplasms
  A giant cockroach (D:1)
  6 goblins
  4 hobgoblins
  5 jackals
  4 quokkas
  4 frilled lizards
  7 kobolds
  2 rats
100 creatures vanquished.

Notes
Turn   | Place    | Note
-------+----------+-------------------------------------------
     0 | D:1      | Kurtz the Tengu Fighter began the quest for the Orb.
     0 | D:1      | Reached XP level 1. HP: 14/14 MP: 2/2
    99 | D:1      | Reached skill level 3 in Axes
    99 | D:1      | Reached XP level 2. HP: 19/19 MP: 3/3
   358 | D:1      | Reached XP level 3. HP: 23/23 MP: 4/4
   588 | D:1      | Reached skill level 4 in Axes
  1093 | D:2      | Found a faded altar of an unknown god.
  1350 | D:2      | Reached XP level 4. HP: 28/28 MP: 5/5
  1837 | D:3      | Noticed Terence
  1843 | D:3      | Killed Terence
  1844 | D:3      | Reached skill level 5 in Axes
  1952 | D:3      | Gained mutation: Your magical nature lets you fly swiftly
                  | and evasively. [Tengu growth]
  1952 | D:3      | Reached XP level 5. HP: 26/32 MP: 6/6
  2231 | D:3      | Reached skill level 6 in Axes
  2334 | D:3      | Noticed Sigmund
  2339 | D:3      | Killed Sigmund
  2340 | D:3      | Reached skill level 7 in Axes
  2340 | D:3      | Reached XP level 6. HP: 37/37 MP: 7/7
  2563 | D:3      | Found a blossoming altar of Fedhas.
  2790 | D:4      | Found a runed translucent door.
  2791 | D:4      | Noticed Crazy Yiuf
  2914 | D:4      | Found a transporter.
  2928 | D:4      | Noticed a small abomination
  2932 | D:4      | Found a transporter.
  3011 | D:4      | Noticed LordJstr's ghost (amateur HuFi)
  3088 | D:4      | Reached skill level 8 in Axes
  3088 | D:4      | Reached XP level 7. HP: 36/41 MP: 8/8
  3258 | D:5      | Entered Level 5 of the Dungeon
  3420 | D:5      | Reached skill level 9 in Axes
  3721 | D:5      | Found a radiant altar of Vehumet.
  3737 | D:5      | Reached XP level 8. HP: 26/46 MP: 9/9
  3740 | D:5      | Reached skill level 10 in Axes
  3886 | D:5      | Found a staircase to the Ecumenical Temple.
  3978 | Temple   | Entered the Ecumenical Temple
  4025 | Temple   | Became a worshipper of Warmaster Okawaru
  4521 | D:5      | Reached skill level 11 in Axes
  4720 | D:6      | Slain by a wight

Illustrated notes

Levels and vault maps discovered:
D:1:      ncdulo_lavacross, layout_basic, grunt_decor_arrowhead
D:2:      layout_loops_ring, ebering_ecumenical_altar_petrified
D:3:      layout_loops_ring, lemuel_coloured_pillars_altar, minmay_unequal,
          uniq_sigmund, uniq_terence
D:4:      layout_basic, gammafunk_ghost_abyssal_escape,
          hangedman_abyss_or_decor_slice, uniq_crazy_yiuf_cottage
D:5:      layout_loops_cross, nicolae_vehumet_altar_sigil, temple_doors_ab
D:6:      minmay_goblin_kobold_castle, layout_basic, minivault_10, minivault_5,
          kb_lookout_dungeons_type
Temple:   nicolae_temple_two_arcs

Skill      XL: |  1  2  3  4  5  6  7  8 |
---------------+-------------------------+-----
Axes           | 3 4 5 7 8 9 11 | 11.1
Fighting       | |  3.0
Armour         | |  3.2
Shields        | |  3.0

Action                     |  1- 3 |  4- 6 |  7- 9 || total
---------------------------+-------+-------+-------++-------
  Melee: War axe           |    87 |    81 |    75 ||   243
         Kick              |    19 |    22 |    29 ||    70
         Peck              |    15 |    13 |    11 ||    39
         Hand axe          |       |       |     8 ||     8
  Throw: Javelin           |       |       |     3 ||     3
  Evoke: Wand              |       |     2 |       ||     2
 Armour: Scale mail        |    43 |     2 |       ||    45
         Chain mail        |       |    21 |    33 ||    54
  Dodge: Dodged            |    36 |    20 |    30 ||    86
  Block: Buckler           |    18 |    15 |    17 ||    50
